General information
- name: BNet
- type: Ladder team game (AT/RT)
- host: Battle.net
- saver: BMRIGHTCLICK
map: Battleground
- players: 8
- length: 36:37
- speed: Fast
- version: 1.24 W3XP
- replay type: Public
» download(276 KB)
Players
team 1 (loser)
Axias2 (
yellow | 50 APM | 1769 actions | 35:34)
7 Death Knight
3 Death Coil
3 Unholy Aura
1 Animate Dead
5 Lich
3 Frost Nova
2 Frost Armor
1 Tauren Chieftain
1 Reincarnation
» actions
| Assign group hotkey | 62 | |
| Build / train | 69 | |
| Enter build submenu | 23 | |
| Enter hero's abilities submenu | 13 | |
| Give item / drop item | 3 | |
| Right click | 702 | |
| Select / deselect | 480 | |
| Select group hotkey | 308 | |
| Use ability | 109 | |
1769 total
» units
| Acolyte | 6 | |
| Ghoul | 4 | |
| Crypt Fiend | 11 | |
| Frost Wyrm | 7 | |
| Tauren | 2 | |
30 total
» upgrades
| Creature Attack | 3 | |
| Web | 1 | |
| Creature Carapace | 2 | |
6 total
» buildings
| Ziggurat | 10 | |
| Altar of Darkness | 1 | |
| Crypt | 2 | |
| Graveyard | 2 | |
| Nerubian Tower | 1 | |
| Halls of the Dead | 1 | |
| Spirit Tower | 7 | |
| Black Citadel | 1 | |
| Sacrificial Pit | 1 | |
| Boneyard | 2 | |
| Tomb of Relics | 1 | |
29 total
» build order
00:11 Ziggurat
00:17 Altar of Darkness
00:21 Crypt
00:58 Graveyard
01:03 Nerubian Tower
01:30 Ziggurat
03:20 Halls of the Dead
04:09 Ziggurat
04:43 Spirit Tower
05:43 Spirit Tower
06:28 Black Citadel
07:46 Sacrificial Pit
08:29 Ziggurat
08:32 Crypt
08:34 Ziggurat
09:28 Boneyard
09:44 Boneyard
11:27 Ziggurat
11:46 Ziggurat
13:02 Tomb of Relics
14:08 Spirit Tower
24:37 Ziggurat
24:39 Ziggurat
28:17 Spirit Tower
29:00 Graveyard
33:09 Spirit Tower
33:17 Spirit Tower
» items
| Potion of Healing | 2 | |
| Scroll of Town Portal | 5 | |
| Potion of Lesser Invulnerability | 1 | |
8 total

»
O_L_Jesse_James (
purple | 63 APM | 823 actions | 13:02)
4 Tauren Chieftain
2 Endurance Aura
2 War Stomp
» actions
| Basic commands | 3 | |
| Build / train | 36 | |
| Enter build submenu | 14 | |
| Enter hero's abilities submenu | 4 | |
| Remove unit from queue | 1 | |
| Right click | 432 | |
| Select / deselect | 292 | |
| Use ability | 41 | |
823 total
» units
» upgrades
| Melee Weapons | 2 | |
| Armor | 2 | |
| Berserker Strength | 1 | |
5 total
» buildings
| Orc Burrow | 4 | |
| Altar of Storms | 1 | |
| Barracks | 2 | |
| War Mill | 2 | |
| Stronghold | 1 | |
| Voodoo Lounge | 1 | |
| Fortress | 3 | |
| Beastiary | 1 | |
| Tauren Totem | 2 | |
17 total
» build order
00:20 Orc Burrow
00:35 Altar of Storms
00:51 Barracks
01:35 Orc Burrow
01:40 War Mill
01:44 War Mill
02:07 Barracks
03:29 Orc Burrow
04:11 Stronghold
06:13 Orc Burrow
07:20 Voodoo Lounge
08:41 Fortress
08:41 Fortress
11:16 Beastiary
11:19 Tauren Totem
11:21 Tauren Totem
Lmao_zedong (
blue | 81 APM | 2957 actions | 36:36)
6 Death Knight
3 Death Coil
2 Unholy Aura
1 Animate Dead
6 Lich
3 Frost Nova
2 Dark Ritual
1 Death and Decay
» actions
| Assign group hotkey | 33 | |
| Build / train | 75 | |
| ESC pressed | 1 | |
| Enter build submenu | 17 | |
| Enter hero's abilities submenu | 13 | |
| Right click | 1499 | |
| Select / deselect | 532 | |
| Select group hotkey | 679 | |
| Use ability | 108 | |
2957 total
» units
| Acolyte | 10 | |
| Ghoul | 14 | |
| Obsidian Statue | 1 | |
| Abomination | 17 | |
42 total
» upgrades
| Unholy Strength | 3 | |
| Unholy Armor | 3 | |
| Disease Cloud | 1 | |
7 total
» buildings
| Crypt | 1 | |
| Ziggurat | 7 | |
| Altar of Darkness | 1 | |
| Graveyard | 1 | |
| Tomb of Relics | 1 | |
| Halls of the Dead | 1 | |
| Black Citadel | 1 | |
| Slaughterhouse | 2 | |
| Spirit Tower | 3 | |
| Sacrificial Pit | 1 | |
19 total
» build order
00:11 Crypt
00:34 Ziggurat
00:51 Altar of Darkness
01:16 Graveyard
02:06 Ziggurat
02:46 Tomb of Relics
03:50 Halls of the Dead
04:13 Ziggurat
05:18 Ziggurat
07:24 Black Citadel
07:41 Slaughterhouse
07:42 Slaughterhouse
08:17 Ziggurat
09:47 Ziggurat
10:00 Spirit Tower
13:00 Spirit Tower
19:31 Ziggurat
19:51 Spirit Tower
24:44 Sacrificial Pit
» items
| Potion of Healing | 3 | |
| Scroll of Town Portal | 3 | |
6 total

»
QuitUrCryin (
pink | 41 APM | 1249 actions | 30:25)
2 Paladin
1 Holy Light
1 Divine Shield
2 Tauren Chieftain
1 Endurance Aura
1 Reincarnation
» actions
| Basic commands | 2 | |
| Build / train | 87 | |
| Enter build submenu | 24 | |
| Enter hero's abilities submenu | 5 | |
| Remove unit from queue | 7 | |
| Right click | 672 | |
| Select / deselect | 384 | |
| Use ability | 68 | |
1249 total
» units
| Peasant | 17 | |
| Footman | 16 | |
| Forest Troll Shadow Priest | 1 | |
| Tauren | 15 | |
| Shaman | 6 | |
55 total
» upgrades
| Plating | 1 | |
| Swords | 1 | |
| Masonry | 1 | |
| Pulverize | 1 | |
| Pillage | 1 | |
| Melee Weapons | 1 | |
| Shaman Training | 2 | |
| Armor | 1 | |
9 total
» buildings
| Altar of Kings | 1 | |
| Barracks | 2 | |
| Farm | 6 | |
| Scout Tower | 3 | |
| Arcane Tower | 3 | |
| Blacksmith | 1 | |
| Lumber Mill | 1 | |
| Arcane Vault | 1 | |
| Keep | 1 | |
| Town Hall | 1 | |
| Castle | 1 | |
| Arcane Sanctum | 1 | |
| Spirit Lodge | 1 | |
| Orc Burrow | 3 | |
26 total
» build order
00:09 Altar of Kings
00:15 Barracks
00:20 Farm
01:01 Farm
01:41 Scout Tower
02:08 Scout Tower
02:12 Farm
02:23 Farm
02:35 Arcane Tower
02:52 Farm
03:00 Arcane Tower
03:33 Blacksmith
05:04 Lumber Mill
05:07 Farm
05:16 Barracks
07:30 Arcane Vault
08:32 Keep
09:39 Town Hall
11:09 Castle
11:16 Arcane Sanctum
13:45 Spirit Lodge
15:21 Scout Tower
16:34 Arcane Tower
24:09 Orc Burrow
24:11 Orc Burrow
24:20 Orc Burrow
» items
| Scroll of Town Portal | 2 | |
| Orb of Corruption | 1 | |
| Potion of Healing | 2 | |
| Potion of Mana | 1 | |
6 total
team 2 (winner)
Sabboth-Ra (
green | 65 APM | 2371 actions | 36:36)
6 Keeper of the Grove
1 Force of Nature
3 Entangling Roots
1 Thorns Aura
1 Tranquility
5 Firelord
2 Summon Lava Spawn
2 Soul Burn
1 Incinerate
» actions
| Assign group hotkey | 61 | |
| Basic commands | 575 | |
| Build / train | 119 | |
| ESC pressed | 4 | |
| Enter build submenu | 33 | |
| Enter hero's abilities submenu | 11 | |
| Give item / drop item | 1 | |
| Remove unit from queue | 5 | |
| Right click | 465 | |
| Select / deselect | 594 | |
| Select group hotkey | 302 | |
| Use ability | 201 | |
2371 total
» units
| Wisp | 28 | |
| Archer | 10 | |
| Druid of the Talon | 16 | |
| Druid of the Claw | 18 | |
| Dryad | 1 | |
| Glaive Thrower | 1 | |
| Faerie Dragon | 1 | |
75 total
» upgrades
| Improved Bows | 1 | |
| Druid of the Claw Training | 2 | |
| Druid of the Talon Training | 2 | |
| Ultravision | 1 | |
| Reinforced Hides | 3 | |
| Strength of the Wild | 3 | |
| Mark of the Claw | 1 | |
| Mark of the Talon | 1 | |
| Marksmanship | 1 | |
| Nature's Blessing | 1 | |
| Abolish Magic | 1 | |
| Well Spring | 1 | |
| Vorpal Blades | 1 | |
| Strength of the Moon | 1 | |
| Moon Armor | 1 | |
21 total
» buildings
| Moon Well | 9 | |
| Altar of Elders | 1 | |
| Ancient of War | 1 | |
| Ancient of Wonders | 1 | |
| Tree of Ages | 1 | |
| Hunter's Hall | 1 | |
| Ancient Protector | 14 | |
| Ancient of Lore | 1 | |
| Ancient of Wind | 1 | |
| Tree of Eternity | 1 | |
| Tree of Life | 3 | |
34 total
» build order
00:17 Moon Well
00:59 Altar of Elders
01:22 Ancient of War
01:34 Moon Well
01:53 Ancient of Wonders
02:29 Moon Well
03:28 Tree of Ages
04:10 Hunter's Hall
04:42 Moon Well
05:30 Ancient Protector
05:32 Ancient Protector
06:49 Ancient of Lore
06:53 Moon Well
07:31 Ancient of Wind
08:14 Tree of Eternity
09:07 Tree of Life
14:19 Ancient Protector
19:04 Tree of Life
22:41 Moon Well
23:56 Moon Well
24:29 Moon Well
25:46 Moon Well
27:00 Ancient Protector
27:03 Ancient Protector
27:05 Ancient Protector
27:25 Ancient Protector
27:30 Ancient Protector
27:54 Ancient Protector
27:58 Ancient Protector
28:02 Ancient Protector
28:15 Ancient Protector
30:18 Ancient Protector
33:44 Tree of Life
33:46 Ancient Protector
» items
| Scroll of Town Portal | 1 | |
| Moonstone | 1 | |
| Potion of Healing | 1 | |
3 total

»
AClockworkPeon (
orange | 55 APM | 2012 actions | 36:36)
7 Death Knight
3 Unholy Aura
2 Death Coil
1 Animate Dead
1 Death Pact
1 Dreadlord
1 Vampiric Aura
» actions
| Assign group hotkey | 127 | |
| Basic commands | 95 | |
| Build / train | 103 | |
| Enter build submenu | 32 | |
| Enter hero's abilities submenu | 8 | |
| Give item / drop item | 1 | |
| Right click | 881 | |
| Select / deselect | 490 | |
| Select group hotkey | 221 | |
| Use ability | 54 | |
2012 total
» units
| Acolyte | 21 | |
| Ghoul | 10 | |
| Crypt Fiend | 19 | |
| Obsidian Statue | 7 | |
| Forest Troll Shadow Priest | 1 | |
| Gargoyle | 5 | |
| Meatwagon | 3 | |
66 total
» upgrades
| Creature Attack | 2 | |
| Creature Carapace | 2 | |
| Web | 1 | |
| Cannibalize | 1 | |
| Unholy Armor | 1 | |
7 total
» buildings
| Ziggurat | 15 | |
| Crypt | 2 | |
| Altar of Darkness | 1 | |
| Nerubian Tower | 5 | |
| Graveyard | 1 | |
| Spirit Tower | 6 | |
| Tomb of Relics | 2 | |
| Halls of the Dead | 3 | |
| Slaughterhouse | 2 | |
| Necropolis | 2 | |
39 total
» build order
00:07 Ziggurat
00:10 Crypt
00:23 Altar of Darkness
00:59 Nerubian Tower
01:07 Graveyard
01:34 Ziggurat
02:02 Crypt
02:21 Ziggurat
03:05 Spirit Tower
06:41 Ziggurat
07:04 Spirit Tower
07:07 Ziggurat
07:39 Tomb of Relics
08:09 Nerubian Tower
08:11 Spirit Tower
09:32 Halls of the Dead
09:33 Halls of the Dead
09:33 Halls of the Dead
13:03 Slaughterhouse
14:26 Ziggurat
16:18 Tomb of Relics
16:46 Ziggurat
19:26 Necropolis
19:30 Ziggurat
25:44 Ziggurat
26:03 Ziggurat
26:29 Ziggurat
26:38 Spirit Tower
26:57 Nerubian Tower
27:22 Nerubian Tower
28:25 Ziggurat
29:13 Ziggurat
29:21 Spirit Tower
30:23 Spirit Tower
31:30 Ziggurat
31:41 Ziggurat
32:15 Necropolis
32:38 Nerubian Tower
33:38 Slaughterhouse
» items
| Scroll of Town Portal | 2 | |
| Periapt of Vitality | 2 | |
4 total

»
BMRIGHTCLICK (
teal | 119 APM | 4346 actions | 36:37)
8 Death Knight
3 Death Coil
3 Unholy Aura
1 Animate Dead
1 Death Pact
6 Lich
3 Frost Nova
2 Dark Ritual
1 Death and Decay
» actions
| Assign group hotkey | 129 | |
| Basic commands | 202 | |
| Build / train | 107 | |
| ESC pressed | 9 | |
| Enter build submenu | 27 | |
| Enter hero's abilities submenu | 14 | |
| Give item / drop item | 4 | |
| Right click | 1433 | |
| Select / deselect | 353 | |
| Select group hotkey | 1907 | |
| Use ability | 161 | |
4346 total
» units
| Acolyte | 26 | |
| Ghoul | 3 | |
| Crypt Fiend | 17 | |
| Obsidian Statue | 7 | |
| Frost Wyrm | 7 | |
60 total
» upgrades
| Creature Carapace | 3 | |
| Creature Attack | 3 | |
| Burrow | 1 | |
| Web | 1 | |
| Destroyer Form | 1 | |
| Freezing Breath | 1 | |
| Unholy Strength | 1 | |
| Unholy Armor | 1 | |
12 total
» buildings
| Crypt | 1 | |
| Graveyard | 1 | |
| Altar of Darkness | 1 | |
| Ziggurat | 15 | |
| Tomb of Relics | 1 | |
| Nerubian Tower | 1 | |
| Halls of the Dead | 1 | |
| Spirit Tower | 2 | |
| Slaughterhouse | 1 | |
| Black Citadel | 4 | |
| Necropolis | 2 | |
| Sacrificial Pit | 1 | |
| Boneyard | 1 | |
32 total
» build order
00:10 Crypt
00:17 Graveyard
00:36 Altar of Darkness
00:50 Ziggurat
01:20 Tomb of Relics
01:58 Ziggurat
03:42 Nerubian Tower
04:16 Ziggurat
05:03 Halls of the Dead
05:05 Spirit Tower
08:22 Slaughterhouse
10:15 Black Citadel
10:15 Black Citadel
10:15 Black Citadel
10:40 Ziggurat
14:11 Necropolis
16:36 Ziggurat
18:03 Sacrificial Pit
18:56 Boneyard
19:15 Necropolis
21:51 Ziggurat
21:52 Ziggurat
28:01 Ziggurat
28:05 Ziggurat
29:06 Ziggurat
29:08 Spirit Tower
29:21 Ziggurat
30:13 Ziggurat
30:15 Ziggurat
30:15 Ziggurat
30:28 Ziggurat
» items
| Rod of Necromancy | 4 | |
| Scroll of Town Portal | 4 | |
| Orb of Corruption | 1 | |
| Potion of Lesser Invulnerability | 1 | |
10 total
emmoo (
red | 36 APM | 1323 actions | 36:37)
8 Demon Hunter
3 Immolation
3 Evasion
1 Metamorphosis
1 Mana Burn
3 Priestess of the Moon
2 Trueshot Aura
1 Searing Arrows
» actions
| Assign group hotkey | 15 | |
| Basic commands | 40 | |
| Build / train | 75 | |
| Enter build submenu | 18 | |
| Enter hero's abilities submenu | 11 | |
| Give item / drop item | 1 | |
| Remove unit from queue | 10 | |
| Right click | 637 | |
| Select / deselect | 389 | |
| Select group hotkey | 47 | |
| Use ability | 80 | |
1323 total
» units
| Wisp | 14 | |
| Archer | 7 | |
| Dryad | 15 | |
| Mountain Giant | 1 | |
| Glaive Thrower | 2 | |
39 total
» upgrades
| Strength of the Wild | 3 | |
| Reinforced Hides | 3 | |
| Abolish Magic | 1 | |
7 total
» buildings
| Altar of Elders | 1 | |
| Moon Well | 8 | |
| Ancient of War | 1 | |
| Tree of Ages | 1 | |
| Hunter's Hall | 1 | |
| Ancient of Lore | 2 | |
| Ancient of Wonders | 2 | |
| Tree of Eternity | 1 | |
| Tree of Life | 3 | |
20 total
» build order
00:05 Altar of Elders
00:09 Moon Well
00:11 Ancient of War
01:31 Moon Well
02:41 Moon Well
03:57 Tree of Ages
04:05 Moon Well
04:14 Hunter's Hall
05:12 Moon Well
07:25 Ancient of Lore
07:27 Ancient of Lore
08:13 Moon Well
08:27 Ancient of Wonders
08:47 Ancient of Wonders
12:02 Tree of Eternity
12:10 Moon Well
17:56 Moon Well
25:59 Tree of Life
27:06 Tree of Life
30:18 Tree of Life
» items
| Scroll of Town Portal | 4 | |
| Boots of Speed | 1 | |
| Orb of Venom | 1 | |
6 total
Chat log
(00:13 / Allies) BMRIGHTCLICK: ty
(00:22 / Allies) BMRIGHTCLICK: fiend wyrm
(00:27 / Allies) emmoo: drayds
(00:30 / Allies) Sabboth-Ra: bears dotts
(00:38 / Allies) Sabboth-Ra: kotg
(01:37 / All) Lmao_zedong: oh green u naughty boy
(01:49 / All) BMRIGHTCLICK: spankme please
(01:54 / All) Lmao_zedong: *spank
(02:10 / All) Sabboth-Ra: less spankin more ass whoopin
(02:20 / All) Lmao_zedong: *whoop
(02:50 / All) AClockworkPeon: hardcore blue
(03:22 / Allies) emmoo: rushin?
(03:30 / Allies) BMRIGHTCLICK: creep stealin
(03:36 / Allies) emmoo: ite
(04:54 / All) Lmao_zedong: ouch
(04:55 / Allies) emmoo: all of em
(05:38 / Allies) AClockworkPeon: hgit the ghouls with arhcers
(07:49 / All) Lmao_zedong: plan b
(07:57 / Allies) AClockworkPeon: get out
(09:03 / Allies) BMRIGHTCLICK: this is going to be rough
(09:13 / Allies) BMRIGHTCLICK: we might be able to do it though
(09:14 / Allies) BMRIGHTCLICK: tech orange
(10:58 / Allies) AClockworkPeon: should we meet and hit pink ?
(11:00 / Allies) AClockworkPeon: i think we should
(11:08 / Allies) AClockworkPeon: lets hit pink
(11:09 / Allies) AClockworkPeon: now
(11:17 / Allies) BMRIGHTCLICK: purple
(11:19 / Allies) BMRIGHTCLICK: pink is reatrded
(11:28 / Allies) AClockworkPeon: let my base go
(11:29 / Allies) AClockworkPeon: forget it
(11:32 / Allies) AClockworkPeon: attack
(11:36 / Allies) AClockworkPeon: do not dedfend me
(11:37 / Allies) AClockworkPeon: attack them
(12:14 / Allies) AClockworkPeon: behind us
(12:15 / Allies) AClockworkPeon: be ready
(13:05 / All) AClockworkPeon: GG
(13:23 / Allies) BMRIGHTCLICK: going to go buy my orb
(13:27 / Allies) AClockworkPeon: tp to me now i think
(13:55 / Allies) BMRIGHTCLICK: back up a sec
(13:55 / Allies) AClockworkPeon: coming
(14:32 / Allies) BMRIGHTCLICK: skip this douche
(14:50 / Allies) Sabboth-Ra: hit purp?
(15:17 / Allies) AClockworkPeon: behind us
(15:23 / Allies) AClockworkPeon: help
(15:24 / Allies) AClockworkPeon: damnit
(15:33 / Allies) BMRIGHTCLICK: out
(15:41 / Allies) AClockworkPeon: ok
(15:42 / Allies) AClockworkPeon: out ?
(15:43 / Allies) AClockworkPeon: ok
(16:07 / Allies) AClockworkPeon: why the fuck did we split up like idiots ?
(16:16 / Allies) BMRIGHTCLICK: can i get some lumber?
(16:26 / Allies) AClockworkPeon: if you can keep your fucking army with ours
(16:26 / Allies) BMRIGHTCLICK: tymv
(16:34 / Allies) AClockworkPeon: help teal
(16:35 / Allies) AClockworkPeon: goddamnit
(16:45 / Allies) BMRIGHTCLICK: stay
(16:54 / All) Sabboth-Ra: almost pink
(17:17 / Allies) AClockworkPeon: jesus you guys
(17:37 / Allies) AClockworkPeon: why the fuck is this difficult ?
(17:54 / Allies) BMRIGHTCLICK: i dont know what the fuck are you people doing
(18:04 / Allies) AClockworkPeon: red stick with me
(18:34 / Allies) AClockworkPeon: that's not with me
(18:35 / Allies) AClockworkPeon: but
(18:35 / Allies) AClockworkPeon: umm ok
(19:58 / Allies) Sabboth-Ra: help red out
(20:15 / Allies) BMRIGHTCLICK: STOP SUICINDNIG INTO TOWERS
(24:03 / Allies) Sabboth-Ra: lol if we lose this....
(24:09 / Allies) BMRIGHTCLICK: MEET THE FUCK UP
(24:15 / Allies) BMRIGHTCLICK: keep running expoes
(24:17 / Allies) BMRIGHTCLICK: meet and come with me
(24:27 / Allies) BMRIGHTCLICK: meet first
(25:04 / Allies) AClockworkPeon: fight!
(25:41 / Allies) BMRIGHTCLICK: expo runs
(25:45 / Allies) BMRIGHTCLICK: and we win
(25:47 / Allies) BMRIGHTCLICK: they have no gold
(25:57 / Allies) BMRIGHTCLICK: prepare to kill purple
(26:50 / Allies) BMRIGHTCLICK: im taking this bro
(26:57 / Allies) BMRIGHTCLICK: meet up
(27:17 / Allies) BMRIGHTCLICK: ty for the support ill feed
(27:28 / Allies) emmoo: thx bro
(27:37 / Allies) BMRIGHTCLICK: meet up
(27:45 / Allies) AClockworkPeon: heh
(28:28 / Allies) BMRIGHTCLICK: burrows
(28:29 / Allies) AClockworkPeon: alter
(28:32 / Allies) AClockworkPeon: dont let him get hero
(28:33 / Allies) BMRIGHTCLICK: altrar
(28:34 / Allies) AClockworkPeon: its building
(28:44 / Allies) BMRIGHTCLICK: someone makea bunch of siege
(28:48 / Allies) BMRIGHTCLICK: get wagons orange
(29:03 / Allies) AClockworkPeon: they after expos!
(29:14 / Allies) BMRIGHTCLICK: camp the full ones
(29:29 / Allies) AClockworkPeon: fight!
(29:56 / Allies) AClockworkPeon: red
(29:57 / Allies) AClockworkPeon: move your ass
(30:41 / Allies) AClockworkPeon: red
(30:44 / Allies) emmoo: wat
(30:48 / Allies) AClockworkPeon: come with me
(30:49 / Allies) Sabboth-Ra: hit blue
(30:54 / Allies) BMRIGHTCLICK: get wagons
(30:57 / Allies) BMRIGHTCLICK: slow down
(30:58 / Allies) AClockworkPeon: fuck
(30:59 / Allies) BMRIGHTCLICK: dont waste units
(31:00 / Allies) BMRIGHTCLICK: get wagons
(31:01 / Allies) AClockworkPeon: towered uibn
(31:03 / Allies) BMRIGHTCLICK: green
(31:05 / Allies) Sabboth-Ra: hit blue then
(31:07 / Allies) AClockworkPeon: ok
(31:07 / Allies) AClockworkPeon: get blue
(31:09 / Allies) BMRIGHTCLICK: he has towers too
(31:11 / Allies) BMRIGHTCLICK: get wagson
(31:20 / All) Axias2: lol come fight
(31:21 / Allies) AClockworkPeon: red has a slow reaction time
(31:22 / Allies) BMRIGHTCLICK: make wagons
(31:23 / All) Axias2: kill my base we quit
(31:36 / Allies) Sabboth-Ra: main
(31:57 / Allies) Sabboth-Ra: behind go
(32:12 / Allies) BMRIGHTCLICK: STOP MAKING CRYPT UNITS
(32:13 / Allies) BMRIGHTCLICK: MAKE WAGONS
(32:14 / Allies) BMRIGHTCLICK: CANCEL IT
(32:45 / Allies) BMRIGHTCLICK: ORANGE IF I GIVE YOU ANOTHER 400 GOLD
(32:49 / Allies) BMRIGHTCLICK: WILL YOUMAKE WAGONS?
(32:54 / Allies) BMRIGHTCLICK: OR WILL YOU FUCK ME AGAIN?
(33:05 / Allies) emmoo: yummy fuck
(33:18 / Allies) BMRIGHTCLICK: getting freezing breath
(33:24 / Allies) BMRIGHTCLICK: ORANGE ARE YUOU LISTENING
(33:28 / Allies) AClockworkPeon: yes
(33:33 / Allies) BMRIGHTCLICK: MAKE WAGONS
(33:44 / Allies) AClockworkPeon: ok
(34:08 / All) BMRIGHTCLICK: almost to d&d
(34:37 / Allies) AClockworkPeon: fight
(34:38 / Allies) AClockworkPeon: we got it
(34:45 / Allies) BMRIGHTCLICK: no reason to
(34:46 / Allies) BMRIGHTCLICK: back pu
(35:28 / All) Axias2: gg
(35:51 / All) BMRIGHTCLICK: D
(35:52 / All) BMRIGHTCLICK: D
(35:52 / All) BMRIGHTCLICK: D
(36:18 / All) Sabboth-Ra: thx blue
(36:21 / All) Lmao_zedong: welcome